 Dungeon Crawl Stone Soup version 0.30-a0-4-ga7cffc901d (webtiles) character file.

Game seed: 16835425166175785735

122 siradein the Trooper (level 4, -8/37 HPs)
             Began as a Demonspawn Fighter on Aug 20, 2022.
             Mangled by a gnoll
             ... wielding a +0 flail
              (9 damage)
             ... on level 3 of the Dungeon.
             The game lasted 00:02:53 (2192 turns).

siradein the Trooper (Demonspawn Fighter)           Turns: 2192, Time: 00:02:54

Health: -8/37      AC:  6    Str: 17    XL:     4   Next: 78%
Magic:  4/4        EV:  9    Int: 11    God:
Gold:   171        SH:  4    Dex: 12    Spells: 3/3 levels left

rFire   . . .      SeeInvis .      - Unarmed
rCold   . . .      Faith    .    c - +0 buckler
rNeg    . . .      Spirit   .    b - +0 scale mail
rPois   .          Reflect  .    (no helmet)
rElec   .          Harm     .    (no cloak)
rCorr   .          Rampage  .    (no gloves)
Will    .....                    (no boots)
Stlth   ..........               (no amulet)
HPRegen 0.12/turn                (no ring)
MPRegen 0.09/turn                (no ring)

@: no status effects
A: hooves 1, weakness stinger 1
a: no special abilities


You were on level 3 of the Dungeon.
You visited 1 branch of the dungeon, and saw 3 of its levels.

You collected 171 gold pieces.

Inventory:

Armour
 b - a +0 scale mail (worn)
 c - a +0 buckler (worn)
Scrolls
 a - a scroll of butterflies {unknown}
 f - a scroll of fear {unknown}
 g - 3 scrolls of brand weapon
 h - a scroll of vulnerability {unknown}
 l - a scroll of teleportation {unknown}
 m - a scroll of torment {unknown}
Potions
 d - a potion of might
 e - 2 potions of cancellation {unknown}
 i - 2 potions of berserk rage {unknown}
 j - 2 potions of curing {unknown}
 k - 3 potions of magic {unknown}


   Skills:
 + Level 3.7 Fighting
 - Level 2.0 Maces & Flails
 + Level 3.4 Armour
 + Level 3.4 Shields
 + Level 1.5 Unarmed Combat


You had 3 spell levels left.
You didn't know any spells.
Your spell library was empty.

Dungeon Overview and Level Annotations

Branches:
Dungeon (3/15)

Altars:


Innate Abilities, Weirdness & Mutations

You have large cloven feet.
You have a small tail.


Message History

A gnoll comes into view. It is wielding a +0 spear.
A gnoll comes into view. It is wielding a +0 flail.
The gnoll shouts!
You block the gnoll's attack.
You barely miss the gnoll. You hit the gnoll.
The gnoll is moderately wounded.
The gnoll barely misses you.
You barely miss the gnoll. Your kick misses the gnoll.
The gnoll is moderately wounded.
The gnoll misses you. The gnoll hits you with a +0 spear.
You barely miss the gnoll. Your kick misses the gnoll.
Your tail-slap misses the gnoll.
The gnoll is moderately wounded.
You block the gnoll's attack. The gnoll barely misses you.
You hit the gnoll.
The gnoll is moderately wounded.
The gnoll hits you from afar with a +0 spear.
The gnoll hits you but does no damage.
You closely miss the gnoll. Your kick misses the gnoll.
The gnoll is moderately wounded.
The gnoll closely misses you. You block the gnoll's attack.
The gnoll hits you with a +0 spear.
You closely miss the gnoll. You kick the gnoll, but do no damage.
Your tail-slap misses the gnoll.
The gnoll is moderately wounded.
The gnoll closely misses you. x3
You closely miss the gnoll.
The gnoll is moderately wounded.
The gnoll hits you with a +0 flail! You block the gnoll's attack.
The gnoll hits you with a +0 spear.
You are too injured to fight recklessly!
The gnoll hits you with a +0 spear.
* * * LOW HITPOINT WARNING * * *
The gnoll attacks as you move away! The gnoll hits you with a +0 flail!
* * * LOW HITPOINT WARNING * * *
You block the gnoll's attack.
There is an open door here.
The gnoll attacks as you move away! The gnoll hits you with a +0 flail!
You die...

#....# #....#
#....# #....#
#....# #...# #gg.#
#g#......
#@#########
#..........
#.#########
#.#......
#..#.######
#..........
#.#.....##########
#.....#.##........
#.#####.##.#######


You could see 3 gnolls.

Vanquished Creatures
  A necrophage (D:3)
  A gnoll (D:1)
  A worm (D:2)
  2 dart slugs (D:1)
  3 endoplasms
  5 giant cockroaches
  3 hobgoblins (D:1)
  6 jackals (D:1)
  2 quokkas
  4 ball pythons
  3 bats (D:1)
  2 frilled lizards
  3 goblins
  6 kobolds
  4 rats
46 creatures vanquished.

Notes
Turn   | Place    | Note
-------+----------+-------------------------------------------
     0 | D:1      | siradein the Demonspawn Fighter began the quest for the
                  | Orb.
     0 | D:1      | Reached XP level 1. HP: 18/18 MP: 1/1
   154 | D:1      | Discovered your monstrous ancestry.
   154 | D:1      | Gained mutation: You have large cloven feet. [demonic
                  | ancestry]
   154 | D:1      | Reached XP level 2. HP: 10/24 MP: 2/2
   574 | D:1      | Gained mutation: You have a small tail. [demonic ancestry]
   574 | D:1      | Reached XP level 3. HP: 13/29 MP: 3/3
  1419 | D:2      | Reached skill level 1 in Unarmed Combat
  2010 | D:3      | Noticed a necrophage
  2025 | D:3      | Killed a necrophage
  2026 | D:3      | Reached XP level 4. HP: 22/37 MP: 4/4
  2190 | D:3      | HP: 1/37 [gnoll/+0 flail (9)]
  2192 | D:3      | Mangled by a gnoll

Illustrated notes

Levels and vault maps discovered:
D:1:      dpeg_arrival_rooms_with_view, layout_loops_cross, minmay_3d_cube
D:2:      layout_rooms, serial_glass, glass_columns_b, glass_columns_b
D:3:      layout_basic, nemelex_altar_shiori,
          mainiacjoe_overflow_six_doors_small, chequers_arboretum,
          minmay_misc_feat_square, uniq_ijyb, uniq_robin

Skill      XL: |  1  2  3 |
---------------+----------+-----
Maces & Flails | 2 |  2.0
Shields        | 3 |  3.4
Armour         | 3 |  3.4
Unarmed Combat | 1 |  1.5
Fighting       | |  3.7

Action                   |  1- 3 |  4- 6 || total
-------------------------+-------+-------++-------
Melee: Flail             |    18 |       ||    18
       Unarmed           |   146 |    10 ||   156
       Kick              |    35 |     2 ||    37
       Tailslap          |    18 |       ||    18
  Use: Scroll            |     1 |       ||     1
Armor: Scale mail        |    72 |     2 ||    74
Dodge: Dodged            |    57 |     7 ||    64
Block: Buckler           |    27 |     6 ||    33

Table legend: (Time is in decaauts)
 A = Elapsed time spent in this place.
 B = Non-inter-level travel time spent in this place.
 C = Inter-level travel time spent in this place.
 D = Time resting spent in this place.
 E = Time spent auto-exploring this place.
 F = Levels seen in this place.
 G = Mean time per level.
                   A        B        C        D        E       F      G
               +--------+--------+--------+--------+--------+-----+--------+
         Total |   2200 |   2135 |     65 |      0 |   1770 |   3 |  733.3 |
       Dungeon |   2200 |   2135 |     65 |      0 |   1770 |   3 |  733.3 |
               +--------+--------+--------+--------+--------+-----+--------+

Top non-repeatable levels by time:
     D:1: 1421 daAuts
     D:2: 565 daAuts
     D:3: 213 daAuts
